Map: Bel'Shir Vestige LE (Void)

Players

HerrPfotig - Winner!

  • Race: Terran Terran
  • League: Diamond
  • Spawn Location: 11:00

Musumeci

  • Race: Zerg Zerg
  • League: Diamond
  • Spawn Location: 5:00

VOD

Have the link to the VOD?

Description

Time

  • Played on: April 3, 2017, 2:11 p.m.
  • Length: 18:14
Show
View Real Time Build Order
Export as new Build Order

HerrPfotig Terran - Winner!

Build Orders: Bio Tank 

Get SALT Encoding   

  12  0:00  SCV  
  13  0:13  SCV  
  14  0:17  Supply Depot  
  14  0:25  SCV  
  15  0:39  SCV  
  15  0:40  Barracks  
  16  0:45  Refinery  
  16  0:51  SCV  
  17  1:03  SCV  
  18  1:15  SCV  
  19  1:27  Orbital Command  
  19  1:30  Marine  
  20  1:43  Command Center  
  20  1:48  Reaper  
  21  1:57  Supply Depot  
  21  2:07  SCV  
  22  2:19  SCV  
  23  2:24  Barracks Reactor  
  23  2:26  Factory  
  23  2:34  Refinery  
  23  2:40  SCV  
  23  2:43  Barracks Reactor  
  24  2:52  SCV  
  25  3:00  Command Center  
  25  3:04  SCV  
  26  3:08  Orbital Command  
  26  3:16  SCV  
  27  3:28  SCV  
  27  3:29  Barracks Tech Lab  
  27  3:30  Hellion x2  
  32  3:35  SCV  
  32  3:40  SCV, Supply Depot  
  34  3:47  SCV, Marine  
  36  3:49  Stimpack  
  36  3:52  SCV  
  37  3:57  Hellion  
  37  3:59  SCV  
  37  4:00  Hellion  
  42  4:04  SCV  
  43  4:21  Marine  
  43  4:29  SCV x2  
  45  4:32  Barracks x2, Factory Reactor  
  45  4:34  Refinery  
  45  4:36  Refinery  
  45  4:37  Supply Depot  
  45  4:41  SCV x2, Marine  
  48  4:48  Engineering Bay  
  48  4:49  Engineering Bay  
  48  4:51  Orbital Command  
  48  4:53  SCV x2  
  50  5:05  SCV x2  
  52  5:16  Marauder  
  52  5:17  SCV  
  52  5:18  SCV, Starport, Factory Tech Lab  
  56  5:22  Bunker  
  56  5:23  SCV, Supply Depot  
  56  5:25  Supply Depot  
  56  5:26  Terran Infantry Armor Level 1  
  57  5:29  SCV  
  57  5:30  SCV  
  57  5:35  SCV  
  60  5:37  Marine, Siege Tank  
  60  5:38  Marine x2  
  66  5:45  SCV  
  66  5:49  Supply Depot  
  67  5:52  Supply Depot  
  67  5:55  Marine  
  68  6:00  SCV x2  
  68  6:01  Marine x2  
  68  6:03  Viking  
  74  6:12  SCV x2, Terran Infantry Weapons Level 1  
  76  6:19  Marine x2  
  76  6:20  Marauder, Combat Shields, Siege Tank  
  76  6:24  SCV  
  84  6:31  Orbital Command  
  84  6:32  Bunker  
  84  6:34  Bunker  
  84  6:38  Bunker  
  84  6:42  Marauder, Marine x3  
  84  6:43  Medivac  
  91  6:47  Factory  
  91  6:49  Armory  
  91  6:50  SCV  
  91  6:51  Barracks  
  91  6:52  Siege Tank  
  95  6:59  SCV  
  95  7:01  SCV, Marine x2  
  97  7:02  SCV  
  97  7:04  Marauder  
  102  7:11  SCV  
  102  7:14  Supply Depot  
  103  7:17  Marine x2  
  103  7:18  Supply Depot x2, Starport Reactor  
  105  7:24  Siege Tank  
  105  7:27  SCV  
  109  7:36  Marauder, SCV x2, Marine x3  
  116  7:43  Marine  
  118  7:44  Factory Tech Lab  
  118  7:45  Barracks Tech Lab  
  117  7:51  Terran Vehicle Weapons Level 1  
  117  7:52  Terran Infantry Armor Level 2, Barracks  
  117  7:54  Barracks  
  117  7:55  Marine x3, Medivac  
  117  7:56  Siege Tank  
  117  7:58  Marauder  
  128  8:12  Siege Tank  
  128  8:13  Marine x2  
  128  8:14  Marauder  
  132  8:20  Terran Infantry Weapons Level 2, SCV, Supply Depot  
  132  8:21  Supply Depot  
  132  8:22  Supply Depot  
  132  8:25  Refinery x2  
  133  8:27  Marauder, SCV x2, Marine  
  133  8:32  SCV  
  133  8:42  Marauder, SCV x2  
  137  8:49  Marauder  
  137  8:52  Barracks Reactor, Marine x3, Barracks Tech Lab  
  137  8:53  Medivac, Siege Tank x2  
  149  9:04  Marauder  
  145  9:10  Marauder  
  145  9:15  Marine x4  
  145  9:16  Marauder, Medivac  
  135  9:25  Marauder, Siege Tank  
  135  9:28  Siege Tank  
  141  9:31  Marine  
  141  9:33  Marine x4  
  141  9:37  Marauder  
  148  9:42  Command Center  
  148  9:44  Marine x2  
  150  9:46  Marauder  
  150  9:49  Marauder  
  150  9:50  Marine x2  
  150  9:51  Marine  
  157  9:55  Barracks  
  157  9:57  Barracks  
  157  9:58  Barracks  
  156  10:04  Marauder  
  157  10:12  Siege Tank  
  146  10:24  Marauder, Marine x2  
  146  10:25  Marauder  
  148  10:41  Terran Infantry Armor Level 3  
  134  10:44  Terran Infantry Weapons Level 3  
  134  10:45  Terran Vehicle Weapons Level 2  
  134  10:48  Marine x2  
  134  10:49  Marauder  
  138  10:51  Barracks Tech Lab x3  
  138  11:03  Marauder, Marine  
  130  11:04  Marine  
  130  11:05  Marauder, Marine x2  
  130  11:06  Siege Tank  
  130  11:10  Marauder  
  118  11:20  Marauder, Marine x4  
  118  11:21  Marauder, Siege Tank  
  118  11:22  Marine x2  
  118  11:25  Marauder  
  131  11:26  Marauder  
  124  11:47  Refinery x2  
  124  11:48  Marine x3  
  124  11:49  Marauder  
  124  11:51  Marine  
  124  11:52  Marauder, Marine  
  132  11:54  Planetary Fortress, Missile Turret  
  132  11:56  Missile Turret  
  132  12:00  SCV  
  133  12:01  SCV x2  
  134  12:09  Marine x2  
  134  12:10  Marauder  
  134  12:12  SCV  
  134  12:13  SCV  
  138  12:18  Marine x2  
  138  12:19  Marauder, Marine  
  138  12:20  Marauder  
  134  12:23  Marine x2  
  134  12:24  Marauder  
  134  12:26  Marine, Siege Tank  
  134  12:27  Marine x2, Medivac x2, Siege Tank  
  151  12:31  Marauder  
  151  12:33  Command Center  
  151  12:36  Marine x2  
  155  12:40  Marauder, Marine  
  155  12:41  Marauder, Marine  
  155  12:42  Marauder  
  163  12:44  Marauder  
  163  12:45  Marauder, Marine x2  
  149  12:52  Marine  
  149  12:54  Marine x2  
  149  12:58  Marine, Medivac, Siege Tank  
  147  12:59  Marine, Medivac  
  147  13:02  Marauder, Marine  
  147  13:03  Marauder x2, Marine  
  166  13:05  Marauder  
  166  13:07  Marauder  
  166  13:10  Marine  
  166  13:12  Marine x2  
  171  13:16  Marine  
  172  13:20  Command Center  
  172  13:36  Marine  
  172  13:41  Marine  
  172  13:44  Medivac x2, Siege Tank  
  172  13:45  Marauder x4  
  187  13:53  Marine x4  
  187  13:54  Siege Tank  
  187  14:01  Marine x2  
  170  14:10  Marine x2  
  170  14:11  Marauder  
  174  14:28  Orbital Command  
  174  14:35  Terran Ship Weapons Level 1  
  164  14:52  Marauder, Marine x5  
  152  14:57  Liberator  
  116  15:10  Marauder, Marine x2  
  116  15:13  Marine x2  
  116  15:14  Marauder x3, Marine x2, Medivac, Siege Tank x2  
  121  15:20  Marine x2  
  137  15:27  Liberator  
  137  15:30  Marine  
  137  15:31  Marine x2  
  137  15:32  Marauder  
  144  15:35  Marauder  
  144  15:46  Marine x3  
  144  15:47  Marauder x3, Marine, Siege Tank  
  144  15:48  Marine, Siege Tank  
  154  15:50  Marine x2  
  154  15:53  Marauder  
  160  15:57  Marauder  
  160  16:04  Marine  
  160  16:05  Marauder  
  151  16:19  Widow Mine  
  151  16:20  Siege Tank  
  151  16:23  Marine x2  
  151  16:24  Marauder x2, Marine  
  156  16:27  Marauder, Marine x2  
  155  16:34  Marine x2  
  155  16:35  Marauder  
  155  16:37  Marine  
  145  16:41  Marine x3  
  145  16:45  Marauder x2  
  144  16:48  Siege Tank  
  144  16:49  Marauder, Marine x2  
  144  16:51  Widow Mine  
  144  16:52  Marine  
  144  16:53  Marauder  
  156  16:55  Marauder  
  156  16:57  Marine  
  156  16:59  Marine x2  
  156  17:00  Marine  
  162  17:06  Marauder  
  162  17:07  Marauder  
  164  17:10  Marauder  
  166  17:20  Marine x4  
  166  17:21  Marauder x2, Marine, Siege Tank x2  
  166  17:22  Medivac x2  
  183  17:35  Marine  
  183  17:36  Marauder, Marine  
  185  17:47  Marine x2  
  185  17:48  Marauder  
Show
View Real Time Build Order
Export as new Build Order

Musumeci Zerg 

Build Orders: Hatch First 

Get SALT Encoding   

  12  0:00  Drone  
  13  0:08  Drone  
  14  0:18  Drone, Extractor  
  15  0:39  Hatchery  
  14  0:47  Extractor  
  14  0:48  Drone  
  15  1:04  Spawning Pool  
  14  1:07  Extractor  
  14  1:08  Drone  
  14  1:10  Extractor  
  13  1:13  Drone  
  13  1:17  Overlord  
  16  1:36  Drone x2  
  18  1:40  Drone  
  19  1:50  Queen  
  19  1:52  Queen  
  23  1:56  Drone  
  23  1:59  Drone  
  25  2:07  Overlord  
  25  2:08  Drone  
  25  2:13  Drone  
  27  2:17  Drone  
  28  2:25  Drone  
  28  2:26  Queen  
  30  2:33  Queen  
  32  2:37  Drone x2  
  32  2:42  Drone  
  35  2:44  Drone  
  36  3:16  Overlord  
  36  3:18  Overlord  
  36  3:19  Overlord  
  36  3:23  Overlord  
  36  3:28  Hatchery  
  35  3:37  Evolution Chamber x2  
  35  3:39  Evolution Chamber  
  32  3:41  Drone  
  32  3:42  Drone x9  
  32  3:43  Drone  
  43  3:48  Drone  
  43  3:49  Drone  
  43  3:52  Extractor  
  43  3:53  Drone  
  43  3:54  Extractor  
  43  3:55  Extractor  
  43  4:02  Roach Warren  
  42  4:20  Drone x10  
  52  4:42  Drone x5  
  59  4:45  Roach  
  59  4:47  Roach x2  
  59  4:48  Roach  
  59  4:51  Roach  
  67  4:55  Drone  
  67  4:56  Extractor  
  67  4:57  Roach  
  69  5:03  Drone  
  67  5:15  Drone x7  
  74  5:28  Overlord  
  74  5:29  Overlord x4  
  74  5:35  Lair  
  74  5:37  Zerg Ground Armor Level 1, Zerg Missile Weapons Level 1  
  74  5:44  Extractor  
  74  5:46  Extractor  
  74  5:47  Roach  
  74  5:48  Roach x5  
  84  6:01  Spore Crawler  
  84  6:02  Overlord, Spore Crawler x2  
  84  6:03  Overlord  
  81  6:04  Spore Crawler  
  81  6:05  Roach x3  
  86  6:36  Glial Reconstitution  
  86  6:37  Drone  
  86  6:38  Drone x7  
  86  6:39  Drone  
  95  6:40  Drone x2  
  95  6:41  Drone  
  95  6:42  Drone x3, Overlord  
  95  6:45  Drone  
  102  6:47  Roach  
  102  6:53  Roach  
  106  6:58  Ravager x3  
  106  6:59  Overlord, Ravager x4  
  106  7:00  Overlord x2  
  113  7:02  Overlord  
  113  7:17  Roach  
  113  7:18  Roach x6  
  113  7:19  Ravager  
  113  7:20  Ravager  
  113  7:22  Overlord  
  129  7:23  Overlord  
  129  7:34  Hatchery, Zerg Missile Weapons Level 2  
  128  7:38  Extractor  
  128  7:40  Zerg Ground Armor Level 2  
  126  8:13  Drone  
  127  8:38  Ravager  
  127  8:39  Roach, Ravager x8  
  127  8:40  Roach x8  
  127  8:41  Overlord x7  
  154  8:44  Drone x3  
  144  9:16  Roach x12  
  140  9:18  Ravager  
  140  9:19  Ravager x2  
  140  9:29  Ravager x3  
  140  9:30  Ravager  
  139  9:34  Drone x4  
  143  9:38  Extractor  
  142  10:00  Roach x8  
  142  10:01  Roach x4  
  166  10:12  Roach  
  166  10:13  Roach x3  
  154  10:30  Ravager x3  
  154  10:42  Roach x8  
  129  11:11  Roach x11  
  109  11:12  Roach  
  121  11:24  Ravager x2  
  121  11:25  Ravager x3  
  124  11:31  Roach x4  
  125  11:37  Ravager x2  
  125  11:38  Ravager  
  120  11:40  Ravager x6  
  120  11:42  Ravager  
  120  11:43  Ravager  
  119  11:54  Roach x2  
  119  11:55  Roach x8  
  119  12:00  Drone x2  
  141  12:06  Spine Crawler  
  140  12:09  Spine Crawler x2  
  140  12:10  Queen  
  140  12:11  Queen, Extractor  
  141  12:21  Roach x8  
  138  12:24  Ravager x3  
  141  12:31  Spore Crawler x2  
  139  12:49  Roach  
  139  12:50  Roach x13  
  146  12:52  Ravager  
  141  12:59  Ravager  
  141  13:00  Ravager x8  
  141  13:01  Roach  
  141  13:02  Roach  
  154  13:20  Infestation Pit  
  154  13:22  Ravager x3  
  154  13:23  Roach x2  
  154  13:24  Roach  
  160  13:56  Hatchery, Extractor  
  160  13:57  Extractor, Hive  
  133  14:11  Roach x11  
  133  14:12  Roach x11  
  133  14:16  Roach x6  
  133  14:17  Roach x3  
  195  14:21  Roach x2  
  199  14:29  Ravager  
  146  14:57  Roach x8  
  146  14:58  Roach  
  118  15:30  Hatchery  
  118  15:33  Drone x3  
  114  16:31  Roach x7  
  108  16:39  Roach  
  78  16:40  Roach  
  78  16:44  Roach  
  67  16:48  Roach  
  64  17:07  Hatchery  
  59  17:13  Ravager x3  
  59  17:14  Ravager  
  63  17:19  Ravager x2  
  63  17:20  Ravager x2  
  63  17:22  Ravager  
  67  17:40  Roach x2  
  71  17:55  Roach  
  54  18:09  Ravager  
Tags
 
Add a new tag
Caveats
  • Supply blocks, unpowered buildings, or Contaminate may cause inaccurate times.
  • Supply counts are checked every 10 seconds.